 Dungeon Crawl Stone Soup version 0.28-a0-1594-ga885d4b3d6 (webtiles) character file.

Game seed: 3656637213715221929

1 psuckher the Gusty (level 1, 0/13 HPs)
             Began as a Palentonga Air Elementalist on Jan 20, 2022.
             Slain by a quokka (2 damage)
             ... on level 1 of the Dungeon.
             The game lasted 00:00:39 (65 turns).

psuckher the Gusty (Palentonga Air Elementalist)      Turns: 65, Time: 00:00:40

Health: 0/13       AC:  4    Str: 11    XL:     1   Next: 16%
Magic:  0/3        EV:  9    Int: 15    God:
Gold:   0          SH:  0    Dex: 10    Spells: 3/4 levels left

rFire   . . .      SeeInvis +   (no weapon)
rCold   . . .      Faith    .   (no shield)
rNeg    . . .      Spirit   .   a - +0 robe
rPois   .          Reflect  .   (no helmet)
rElec   .          Harm     .   (no cloak)
rCorr   .          Rampage  .   (no gloves)
Will    .....                   (no barding)
Stlth   +.........              (no amulet)
HPRegen 0.04/turn               (no ring)
MPRegen 0.08/turn               (no ring)

@: no status effects
A: large, rugged brown scales 3, see invisible, deformed body, roll 1, armoured
tail
a: Rolling Charge


You were on level 1 of the Dungeon.
You visited 1 branch of the dungeon, and saw 1 of its levels.

Inventory:

Armour
 a - a +0 robe (worn)


   Skills:
 + Level 1.6 Dodging
 + Level 1.2 Stealth
 + Level 2.0 Spellcasting
 + Level 0.8 Conjurations
 + Level 2.4 Air Magic


You had 3 spell levels left.
You knew the following spells:

 Your Spells              Type           Power      Damage    Failure   Level
a - Shock                 Conj/Air       24%        1d4       12%         1

Your spell library contained the following spells:

 Spells                   Type           Power      Damage    Failure   Level
 Static Discharge         Conj/Air       6%         N/A       17%         2
 Swiftness                Air            8%         N/A       24%         3
 Airstrike                Air            4%         N/A       63%         4


Dungeon Overview and Level Annotations

Branches:
Dungeon (1/15)

Altars:


Innate Abilities, Weirdness & Mutations

You are completely covered in rugged brown scales. (AC +3, +7% HP)
You have supernaturally acute eyesight. (SInv)
Armour fits poorly on your strangely shaped body.
You can roll at nearby foes to attack.
You have a long armoured tail.


Message History

The quokka barely misses you.
The quokka bites you but does no damage.
You hit the quokka but do no damage.
The quokka is moderately wounded.
The quokka bites you.
You barely miss the quokka.
Your tail-slap misses the quokka.
The quokka is moderately wounded.
The quokka bites you.
You hit the quokka but do no damage.
The quokka is lightly wounded.
The quokka closely misses you.
You miss the quokka.
The quokka is lightly wounded.
The quokka bites you.
You barely miss the quokka.
The quokka is lightly wounded.
The quokka closely misses you. x2
You closely miss the quokka.
The quokka is lightly wounded.
The quokka barely misses you.
You hit the quokka.
The quokka is moderately wounded.
The quokka bites you.
* * * LOW HITPOINT WARNING * * *
Aiming: Shock (safe; 12% risk of failure)
Press: ? - help, Q - select action, (/) - cycle Shift-Dir - straight line, p - quokka The zap misses the quokka.
The quokka barely misses you.
Unknown command.
You don't have enough magic to cast this spell.
You miss the quokka.
The quokka is moderately wounded.
The quokka barely misses you.
You closely miss the quokka. Your punch misses the quokka.
The quokka is moderately wounded.
The quokka bites you but does no damage. x2
You closely miss the quokka.
The quokka is moderately wounded.
The quokka bites you.
You die...

#....≈≈≈≈≈...##
≈..≈..≈≈≈≈≈...###..#
#≈≈≈≈...≈≈....##...#
#..≈≈.....#...##!..##
##.≈≈≈.#..##.#.#.....
#.≈≈.#####..###...#
##...##.#..####...#
######..####.†r..#
#..# #..@..#
#.#####.....#
#...........#
#######.....# #######


You could see a quokka.

Vanquished Creatures
  A bat (D:1)
  A rat (D:1)
2 creatures vanquished.

Notes
Turn   | Place    | Note
-------+----------+-------------------------------------------
     0 | D:1      | psuckher the Palentonga Air Elementalist began the quest
                  | for the Orb.
     0 | D:1      | Reached XP level 1. HP: 13/13 MP: 3/3
    65 | D:1      | Slain by a quokka

Illustrated notes

Levels and vault maps discovered:
D:1:      dpeg_arrival_subterranean_lakeside_camping, layout_rooms,
          minmay_split_cup_small

Action                   || total
-------------------------++-------
Melee: Unarmed           ||    18
       Tailslap          ||     1
 Cast: Shock             ||     4
Armor: Robe              ||    10
Dodge: Dodged            ||    17

Table legend: (Time is in decaauts)
 A = Elapsed time spent in this place.
 B = Non-inter-level travel time spent in this place.
 C = Inter-level travel time spent in this place.
 D = Time resting spent in this place.
 E = Time spent auto-exploring this place.
 F = Levels seen in this place.
 G = Mean time per level.
                   A        B        C        D        E       F      G
               +--------+--------+--------+--------+--------+-----+--------+
         Total |     69 |     67 |      2 |      0 |      0 |   1 |   69.0 |
       Dungeon |     69 |     67 |      2 |      0 |      0 |   1 |   69.0 |
               +--------+--------+--------+--------+--------+-----+--------+

Top non-repeatable levels by time:
     D:1: 69 daAuts
